 Dungeon Crawl Stone Soup version 0.18.1-50-g88ac8fd (webtiles) character file.

20891 RepoMan the Frost Mage (level 12, 0/96 HPs)
             Began as a Ghoul Ice Elementalist on Oct 22, 2016.
             Was a High Priest of Kikubaaqudgha.
             Slain by a crocodile (12 damage)
             ... on level 3 of the Lair of Beasts on Oct 27, 2016.
             The game lasted 03:23:58 (17030 turns).

RepoMan the Frost Mage (Ghoul Ice Elementalist)    Turns: 17030, Time: 03:23:59

Health: 0/96       AC:  8    Str: 13    XL:     12   Next: 84%
Magic:  16/22      EV: 14    Int: 14    God:    Kikubaaqudgha [*****.]
Gold:   731        SH:  0    Dex:  9    Spells: 8 memorised, 5 levels left

rFire  + + .     SeeInvis .     l - +9 dagger "Xetaec" {pierce, rF+}
rCold  + . .     Gourm    .     E - +0 steam dragon armour
rNeg   + + +     Faith    .     (no shield)
rPois  ∞         Spirit   .     (no helmet)
rElec  .         Dismiss  .     F - +1 cloak
rCorr  .         Reflect  .     (no gloves)
SustAt .         Harm     .     r - +0 pair of boots
MR     .....                    (no amulet)
Stlth  ++........               (no ring)
                                y - ring of protection from fire

@: rotting, not resistant to hostile enchantments, unstealthy
A: rotting body, claws 1, carnivore 3, cold resistance 1, negative energy
resistance 3, slow regeneration 1, torment resistance, unbreathing
a: Receive Corpses, Torment, Renounce Religion


You were on level 3 of the Lair of Beasts.
You worshipped Kikubaaqudgha.
Kikubaaqudgha was extremely pleased with you.
You were not hungry.

You visited 3 branches of the dungeon, and saw 16 of its levels.
You also visited: Sewer.

You collected 997 gold pieces.
You spent 266 gold pieces at shops.

Inventory:

Hand Weapons
 l - the +9 dagger "Xetaec" (weapon) {pierce, rF+}
   (You found it on level 8 of the Dungeon)

   It inflicts extra damage upon your enemies.
   It protects you from fire.
 q - a +2 falchion of flaming
 s - a +0 blowgun
 u - a +1 whip of electrocution
Missiles
 t - 34 poisoned needles
 K - 3 javelins (quivered)
Armour
 r - a +0 pair of boots (worn)
 E - a +0 steam dragon armour (worn)
 F - a +1 cloak (worn)
 O - a troll hide
Jewellery
 y - a ring of protection from fire (left claw)
Wands
 a - a wand of confusion (0/48)
 e - a wand of slowing (31/48)
 h - a wand of paralysis (0/24)
 i - a wand of digging (10/24)
 B - a wand of lightning (0/15)
 D - a wand of hasting (6/9)
 J - a wand of slowing (26/48)
 N - a wand of lightning (0/15)
Scrolls
 f - 2 scrolls of magic mapping
 g - a scroll of recharging
 k - 9 scrolls of remove curse
 n - 3 scrolls of identify
 H - a scroll of torment {unknown}
 I - a scroll of enchant weapon
Potions
 m - 6 potions of curing
 v - 4 potions of flight
 x - 2 potions of haste {unknown}
 G - 2 potions of agility {unknown}
Books
 b - a book of Frost

   Spells                             Type                      Level
   a - Freeze                         Ice                          1
   b - Throw Frost                    Conjuration/Ice              2
   c - Ozocubu's Armour               Charms/Ice                   3
   d - Throw Icicle                   Conjuration/Ice              4
   e - Summon Ice Beast               Ice/Summoning                4
 d - Kikubaaqudgha's Grimoire of Darkness
   (Kikubaaqudgha gifted it to you on level 5 of the Dungeon)

   Spells                             Type                      Level
   a - Animate Skeleton               Necromancy                   1
   b - Pain                           Necromancy                   1
   c - Corpse Rot                     Necromancy                   2
   d - Regeneration                   Charms/Necromancy            3
   e - Control Undead                 Necromancy                   4
 p - a book of Geomancy

   Spells                             Type                      Level
   a - Sandblast                      Earth                        1
   b - Passwall                       Transmutation/Earth          2
   c - Stone Arrow                    Conjuration/Earth            3
   d - Petrify                        Transmutation/Earth          4
   e - Lee's Rapid Deconstruction     Earth                        5
 w - a book of Conjurations

   Spells                             Type                      Level
   a - Magic Dart                     Conjuration                  1
   b - Searing Ray                    Conjuration                  2
   c - Dazzling Spray                 Conjuration/Hexes            3
   d - Fulminant Prism                Conjuration/Hexes            4
   e - Iskenderun's Mystic Blast      Conjuration                  4
   f - Iskenderun's Battlesphere      Conjuration/Charms           5
 A - Kikubaaqudgha's Disquisition on Stolen Souls
   (Kikubaaqudgha gifted it to you on level 8 of the Dungeon)

   Spells                             Type                      Level
   a - Animate Dead                   Necromancy                   4
   b - Excruciating Wounds            Charms/Necromancy            5
   c - Agony                          Necromancy                   5
   d - Dispel Undead                  Necromancy                   5
   e - Simulacrum                     Ice/Necromancy               6
 L - a book of Beasts

   Spells                             Type                      Level
   a - Summon Butterflies             Summoning                    1
   b - Call Canine Familiar           Summoning                    3
   c - Summon Ice Beast               Ice/Summoning                4
   d - Summon Mana Viper              Hexes/Summoning              5
   e - Summon Hydra                   Summoning                    7
 M - a book of Callings

   Spells                             Type                      Level
   a - Summon Small Mammal            Summoning                    1
   b - Call Imp                       Summoning                    2
   c - Call Canine Familiar           Summoning                    3
   d - Summon Guardian Golem          Hexes/Summoning              3
   e - Summon Lightning Spire         Summoning/Air                4
   f - Summon Ice Beast               Ice/Summoning                4
Comestibles
 c - 7 meat rations
 j - 3 beef jerkies
 o - 2 chunks of flesh
 C - 8 royal jellies


   Skills:
 - Level 6.2 Fighting
 + Level 6.0 Dodging
 - Level 2.1 Stealth
 + Level 7.6 Spellcasting
 * Level 6.8 Conjurations
 * Level 6.6 Charms
 + Level 6.0 Necromancy
 + Level 12.9 Ice Magic


You had 5 spell levels left.
You knew the following spells:

 Your Spells              Type           Power        Failure   Level  Hunger
a - Freeze                Ice            ####         1%          1    None
b - Throw Frost           Conj/Ice       ####..       1%          2    None
c - Ozocubu's Armour      Chrm/Ice       ####....     1%          3    ##.....
d - Throw Icicle          Conj/Ice       ####....     2%          4    ####...
e - Summon Ice Beast      Ice/Summ       ###.....     12%         4    ####...
f - Dazzling Spray        Conj/Hex       ##....       12%         3    ##.....
g - Animate Skeleton      Necr           N/A          1%          1    None
r - Regeneration          Chrm/Necr      ###.......   3%          3    ##.....


Dungeon Overview and Level Annotations

Branches:
Dungeon (11/15)            Temple (1/1) D:4            Lair (4/8) D:8
    Orc (0/2) D:10
  Swamp: Lair:3-6    Shoals: Lair:3-6     Snake: Lair:3-6    Spider: Lair:3-6

Altars:
Ashenzari
Cheibriados
Dithmenos
Elyvilon
Fedhas
Gozag
Kikubaaqudgha
Makhleb
Nemelex Xobeh
Okawaru
Pakellas
Qazlal
Ru
Sif Muna
Trog
Vehumet
Xom
Yredelemnul
Zin
The Shining One
Jiyva

Shops:
D:9 *

Annotations:
Lair:2 sonic's ghost, journeyman GrCK
Lair:4 exclusion: oklob plant


Innate Abilities, Weirdness & Mutations

Your body is rotting away.
You thrive on raw meat.
You are immune to poison.
You have sharp fingernails.
You are carnivorous and can eat meat at any time.
Your flesh is cold resistant.
You are immune to negative energy.
You regenerate slowly when monsters are visible.
You are immune to unholy pain and torment.
You can survive without breathing.


Message History

Your icy armour starts to melt.
There is a stone staircase leading up here.
Your icy armour evaporates.
The crocodile completely misses you. The yak gores you!
* * * LOW HITPOINT WARNING * * *
You climb upwards.
There is a stone staircase leading down here.
Unknown command.
Read which item? (? for menu, Esc to quit)
Okay, then.
Unknown command.
Unknown command.
Unknown command.
Unknown command.
Unknown command.
The crocodile bites you!
* * * LOW HITPOINT WARNING * * *
The crocodile bites you!
You die...
Kikubaaqudgha rasps: "You have failed me!
Welcome... oblivion!"

......[...................##
..<...............#....###.#
.................#......####
.......................##
.................#.....#
...≈≈≈≈≈...≈≈≈≈≈.......#
...≈≈≈≈≈...≈≈##≈......##
...≈≈##≈...≈#≈#≈.....##
...≈≈#≈≈...≈≈##≈@#.###
...≈≈≈≈≈...≈≈≈≈t.###
................Y# #####
...#..P..#P.#..÷## ##.#..
...#............## ####P.P.#
....###.........P# #........
....#...........## #........
..........###....# ##..####.
.....#P.##.#P...## #..#.##.


You could see a yak and a crocodile.

Vanquished Creatures
  An unseen horror (D:8)
  A necromancer (D:10)
  A griffon (Lair:2)
  3 centaur zombies (D:10)
  5 spiny frogs
  A black mamba (Lair:1)
  3 komodo dragons
  A queen bee (D:8)
  2 trolls
  3 blink frogs (Lair:3)
  2 flying skulls (D:10)
  27 yaks
  3 shadows (D:10)
  6 hippogriffs
  A human (D:5)
  2 hungry ghosts (D:9)
  A steam dragon (D:8)
  4 water moccasins
  The ghost of SexyTroll44 the Ducker, an amateur SpWr (Sewer)
  A porcupine (Lair:3)
  A black bear (Lair:1)
  An orc warrior (D:10)
  A sky beast (D:7)
  2 ice beasts (D:7)
  5 necrophages (D:10)
  4 ogres
  4 wolves
  3 centaurs
  3 crocodiles
  A big kobold (Sewer)
  Blork the orc (D:6)
  16 giant frogs
  A wyvern zombie (D:10)
  5 scorpions
  20 killer bees
  13 wights
  2 electric eels (Lair:3)
  A crimson imp (D:11)
  10 jellies
  A quasit (D:7)
  8 hounds
  2 orc priests (D:6)
  4 orc wizards
  6 centaur skeletons
  Ijyb (D:3)
  4 worker ants
  Natasha (thrice) (D:2)
  3 iguanas
  A killer bee zombie (D:10)
  6 sheep
  A hound zombie (D:10)
  5 hound skeletons
  3 worker ant zombies
  Robin (D:3)
  8 adders
  17 river rats
  3 worms
  2 dart slugs
  6 giant geckos
  13 orcs
  10 giant cockroaches
  14 hobgoblins
  8 jackals
  7 quokkas
  A ball python (D:2)
  8 bats
  5 giant newts
  19 goblins
  A goblin zombie (D:5)
  2 jackal skeletons
  9 kobolds
  A quokka skeleton (D:9)
  14 rats
  A plant (D:8)
361 creatures vanquished.

Vanquished Creatures (collateral kills)
  A centaur warrior (D:10)
  An elephant (D:8)
  2 komodo dragons (Lair:4)
  2 blink frogs (Lair:3)
  2 yaks
  A warg (D:8)
  A giant frog (D:10)
  A centaur skeleton (D:8)
  9 sheep (Lair:2)
  A hound zombie (D:10)
  8 river rats
  2 adders (D:10)
31 creatures vanquished.

Vanquished Creatures (others)
  5 sheep (Lair:1)
  A fungus (Lair:3)
  2 plants
  A toadstool (D:8)
9 creatures vanquished.

Grand Total: 401 creatures vanquished

Notes
Turn   | Place    | Note
--------------------------------------------------------------
     0 | D:1      | RepoMan the Ghoul Ice Elementalist began the quest for the Orb.
     0 | D:1      | Reached XP level 1. HP: 14/14 MP: 2/2
   242 | D:1      | Reached XP level 2. HP: 20/20 MP: 0/3
   246 | D:1      | Learned a level 2 spell: Throw Frost
   816 | D:1      | Reached skill level 4 in Ice Magic
   816 | D:1      | Reached XP level 3. HP: 25/26 MP: 2/5
   896 | D:2      | Found an oddly glowing altar of Pakellas.
  1324 | D:2      | Learned a level 3 spell: Ozocubu's Armour
  1636 | D:2      | Reached XP level 4. HP: 33/33 MP: 1/6
  1695 | D:2      | Found an opulent altar of Gozag.
  1695 | D:2      | Noticed Natasha
  1745 | D:2      | Killed Natasha
  1745 | D:2      | Reached skill level 1 in Charms
  1910 | D:2      | Noticed Natasha
  1915 | D:2      | Killed Natasha
  1915 | D:2      | Reached XP level 5. HP: 32/38 MP: 3/7
  1961 | D:2      | Noticed Natasha
  1969 | D:2      | Killed Natasha
  2194 | D:3      | Noticed Ijyb
  2234 | D:3      | Killed Ijyb
  2234 | D:3      | Reached skill level 5 in Ice Magic
  2310 | D:3      | Noticed Robin
  2449 | D:4      | Reached skill level 1 in Conjurations
  2486 | D:4      | Found a blossoming altar of Fedhas.
  2510 | D:4      | Reached XP level 6. HP: 44/45 MP: 4/9
  2787 | D:4      | Found a staircase to the Ecumenical Temple.
  2793 | Temple   | Entered the Ecumenical Temple
  2841 | Temple   | Became a worshipper of Kikubaaqudgha
  3063 | D:5      | Entered Level 5 of the Dungeon
  3150 | D:5      | Found a runed door.
  3150 | D:5      | Noticed a human
  3151 | D:5      | Found a basalt altar of Yredelemnul.
  3274 | D:5      | Found a shimmering altar of Xom.
  3289 | D:5      | Found a glowing drain.
  3323 | Sewer    | Entered a sewer
  3460 | Sewer    | Noticed SexyTroll44's ghost (amateur SpWr)
  3492 | Sewer    | Killed SexyTroll44's ghost
  3536 | Sewer    | Reached XP level 7. HP: 20/50 MP: 0/10
  3582 | Sewer    | Found a white marble altar of Elyvilon.
  3689 | D:5      | Killed a human
  3689 | D:5      | Reached skill level 6 in Ice Magic
  3915 | D:5      | Got a faintly glowing cloak
  3931 | D:5      | Identified the cursed -4 cloak "Susush Opni" {Str+4} (You found it on level 5 of the Dungeon)
  3978 | D:5      | Reached * piety under Kikubaaqudgha
  3978 | D:5      | Received a gift from Kikubaaqudgha
  3979 | D:5      | Identified Kikubaaqudgha's Grimoire of Darkness (Kikubaaqudgha gifted it to you on level 5 of the Dungeon)
  3985 | D:5      | Learned a level 4 spell: Throw Icicle
  4425 | D:3      | Reached XP level 8. HP: 50/57 MP: 9/12
  4427 | D:3      | Killed Robin
  4875 | D:6      | Found a shadowy altar of Dithmenos.
  4917 | D:6      | Reached skill level 7 in Ice Magic
  5200 | D:6      | Found a shattered altar of Ashenzari.
  5361 | D:6      | Noticed Blork the orc
  5398 | D:6      | Killed Blork the orc
  5713 | D:6      | Found a radiant altar of Vehumet.
  5925 | D:7      | Reached skill level 8 in Ice Magic
  6026 | D:7      | Learned a level 3 spell: Regeneration
  6050 | D:7      | Found an iron altar of Okawaru.
  6075 | D:7      | Reached XP level 9. HP: 23/62 MP: 0/14
  6423 | D:7      | Noticed a troll
  6658 | D:7      | Killed a troll
  6658 | D:7      | Reached skill level 1 in Fighting
  6824 | D:7      | Reached ** piety under Kikubaaqudgha
  7213 | D:8      | HP: 3/64 [steam dragon (4)]
  7236 | D:8      | Reached skill level 9 in Ice Magic
  7557 | D:8      | Reached skill level 5 in Spellcasting
  7852 | D:8      | Got a shimmering dagger
  7853 | D:8      | Identified the +9 dagger "Xetaec" {pierce, rF+} (You found it on level 8 of the Dungeon)
  7923 | D:8      | Reached skill level 5 in Charms
  8121 | D:8      | Reached XP level 10. HP: 77/77 MP: 9/16
  8125 | D:8      | Noticed an elephant
  8159 | D:9      | Found Lakeemamue's Assorted Antiques.
  8171 | D:9      | Reached skill level 1 in Necromancy
  8200 | D:9      | Bought a wizard robe for 119 gold pieces
  8200 | D:9      | Identified the +0 robe of the Bard {Str+3 Dex+4} (You bought it in a shop on level 9 of the Dungeon)
  8268 | D:9      | Bought a dented garnet amulet for 105 gold pieces
  8268 | D:9      | Bought a scroll labeled IDEEL INAMAV for 21 gold pieces
  8268 | D:9      | Bought a scroll labeled FOLAPPAS BEEMA for 21 gold pieces
  8353 | D:9      | Found a sacrificial altar of Ru.
  8362 | D:9      | Reached skill level 10 in Ice Magic
  8416 | D:9      | Found an opulent altar of Gozag.
  8543 | D:9      | Learned a level 2 spell: Searing Ray
  8547 | D:9      | Learned a level 3 spell: Dazzling Spray
  8744 | D:10     | Entered Level 10 of the Dungeon
  9192 | D:8      | Killed an elephant
  9192 | D:8      | Reached *** piety under Kikubaaqudgha
  9192 | D:8      | Received a gift from Kikubaaqudgha
  9193 | D:8      | Identified Kikubaaqudgha's Disquisition on Stolen Souls (Kikubaaqudgha gifted it to you on level 8 of the Dungeon)
  9209 | D:8      | Found a staircase to the Lair.
  9235 | Lair:1   | Entered Level 1 of the Lair of Beasts
  9529 | Lair:1   | Noticed a black mamba
  9539 | Lair:1   | Killed a black mamba
  9539 | Lair:1   | Reached skill level 5 in Conjurations
  9545 | Lair:1   | Noticed a spiny frog
  9635 | Lair:1   | Learned a level 4 spell: Summon Ice Beast
  9723 | Lair:1   | Reached skill level 5 in Fighting
  9723 | Lair:1   | Reached skill level 11 in Ice Magic
  9723 | Lair:1   | Reached XP level 11. HP: 27/86 MP: 2/19
  9959 | Lair:1   | Found a shimmering altar of Xom.
 10634 | Lair:2   | Noticed sonic's ghost (journeyman GrCK)
 11628 | Lair:2   | Noticed a griffon
 11709 | Lair:2   | Killed a griffon
 12242 | Lair:2   | Learned a level 1 spell: Animate Skeleton
 12279 | Lair:2   | Reached **** piety under Kikubaaqudgha
 12597 | D:8      | Found a viscous altar of Jiyva.
 12852 | D:10     | Reached skill level 12 in Ice Magic
 12975 | D:10     | Reached skill level 5 in Dodging
 13387 | D:10     | Noticed a centaur warrior
 13397 | D:10     | Killed a centaur warrior
 13397 | D:10     | Reached XP level 12. HP: 65/96 MP: 10/21
 13770 | D:10     | Reached skill level 5 in Necromancy
 14599 | D:10     | Found a staircase to the Orcish Mines.
 16695 | Lair:3   | Reached ***** piety under Kikubaaqudgha
 17030 | Lair:3   | Slain by a crocodile

Skill      XL: |  1  2  3  4  5  6  7  8  9 10 11 12 |
---------------+-------------------------------------+-----
Dodging        | 2 3 4 5 6 |  6.0
Spellcasting   | 2 3 4 5 6 7 |  7.6
Ice Magic      | 4 5 6 8 9 11 12 | 12.9
Charms         | 1 2 4 5 6 |  6.6
Conjurations   | 1 2 3 4 5 6 |  6.8
Fighting       | 3 5 6 |  6.2
Necromancy     | 3 4 6 |  6.0
Stealth        | |  2.1

Action                   |  1- 3 |  4- 6 |  7- 9 | 10-12 || total
-------------------------+-------+-------+-------+-------++-------
Melee: Unarmed           |    42 |    61 |    18 |       ||   121
       Whip              |       |       |    29 |       ||    29
       Falchion          |       |       |    88 |       ||    88
       Dagger            |       |       |     2 |   556 ||   558
 Fire: Blowgun           |       |       |    21 |    91 ||   112
Throw: Javelin           |       |       |       |     2 ||     2
 Cast: Freeze            |    70 |    99 |   179 |   262 ||   610
       Throw Frost       |     4 |     4 |    30 |    43 ||    81
       Ozocubu's Armour  |       |     3 |    11 |    65 ||    79
       Throw Icicle      |       |       |     8 |    78 ||    86
       Regeneration      |       |       |     3 |     3 ||     6
       Searing Ray       |       |       |       |     6 ||     6
       Summon Ice Beast  |       |       |       |    21 ||    21
       Dazzling Spray    |       |       |       |     7 ||     7
       Animate Skeleton  |       |       |       |    30 ||    30
Evoke: Wand              |       |       |     8 |    12 ||    20
  Use: Potion            |       |     2 |     9 |     4 ||    15
       Scroll            |       |       |    14 |    11 ||    25
 Stab: Sleeping          |     3 |       |     3 |     3 ||     9
       Invisible         |       |       |     1 |     1 ||     2
       Paralysed         |       |       |     2 |       ||     2
  Eat: Chunk             |    19 |    14 |    55 |   153 ||   241
Armor: Robe              |     8 |    33 |    17 |       ||    58
       Animal skin       |       |       |    90 |     4 ||    94
       Steam dragon armo |       |       |       |   348 ||   348
Dodge: Dodged            |    48 |    96 |   245 |   555 ||   944
